Map: Acid Plant LE

Players

Stephano - Winner!

  • Race: Zerg Zerg
  • Spawn Location: 5:00

RAIL

  • Race: Protoss Protoss
  • Spawn Location: 11:00

Event: WCS Leipzig 2018

VOD

Have the link to the VOD?

Description

Time

  • Played on: Jan. 26, 2018, 9:23 a.m.
  • Length: 6:47

All games in this series

Show
View Real Time Build Order
Export as new Build Order

Stephano Zerg - Winner!

Build Orders: Hatch First 

Get SALT Encoding   

  12  0:00  Drone  
  13  0:12  Overlord  
  13  0:17  Drone  
  14  0:30  Drone x2  
  14  0:34  Drone  
  17  0:51  Hatchery  
  17  0:54  Drone  
  17  0:58  Drone  
  18  1:08  Extractor  
  17  1:13  Spawning Pool  
  17  1:16  Drone  
  17  1:19  Drone  
  18  1:28  Drone  
  19  1:39  Overlord  
  19  1:50  Drone  
  20  2:00  Queen  
  22  2:01  Zergling x2  
  22  2:03  Drone, Queen  
  26  2:11  Drone, Metabolic Boost  
  26  2:14  Drone  
  28  2:21  Drone  
  29  2:25  Drone  
  30  2:33  Drone  
  31  2:38  Hatchery  
  31  2:43  Zergling x2  
  31  2:44  Drone  
  31  2:47  Drone  
  33  2:54  Overlord  
  33  3:01  Lair  
  33  3:04  Drone  
  36  3:13  Drone x6  
  36  3:19  Queen  
  42  3:23  Overlord  
  42  3:25  Drone  
  43  3:30  Spore Crawler  
  43  3:31  Drone  
  43  3:33  Spore Crawler  
  42  3:36  Extractor  
  42  3:38  Extractor  
  42  3:40  Drone x2  
  42  3:42  Drone  
  42  3:43  Drone  
  42  3:46  Drone  
  45  3:49  Drone x2  
  45  3:52  Drone  
  48  4:00  Hydralisk Den  
  48  4:01  Overlord  
  47  4:07  Drone x3  
  50  4:13  Extractor  
  50  4:14  Drone  
  50  4:15  Drone x3  
  53  4:17  Overlord  
  53  4:18  Overlord  
  53  4:26  Overlord  
  53  4:31  Hydralisk x2  
  53  4:35  Muscular Augments  
  55  4:47  Hydralisk x2  
  55  4:48  Hydralisk  
  55  4:49  Zergling x2  
  55  4:51  Zergling x4  
  64  4:53  Zergling x2  
  64  4:55  Hydralisk  
  64  4:58  Zergling x4  
  68  5:01  Hydralisk  
  68  5:04  Hydralisk  
  68  5:06  Zergling x2  
  73  5:08  Zergling x2  
  73  5:11  Overlord  
  74  5:14  Zergling x4  
  76  5:21  Overlord  
  76  5:27  Overlord  
  76  5:29  Hydralisk x2  
  76  5:30  Hydralisk  
  82  5:36  Hydralisk x2  
  82  5:38  Zergling x2  
  82  5:42  Hydralisk  
  87  5:43  Hydralisk  
  87  5:46  Hydralisk  
  92  5:55  Hydralisk x2  
  93  5:57  Zergling x4  
  93  6:04  Zergling x8  
  97  6:08  Zergling x6  
  97  6:09  Zergling x2  
  98  6:17  Hydralisk x2  
  102  6:19  Hydralisk  
  106  6:29  Overlord  
Show
View Real Time Build Order
Export as new Build Order

RAIL Protoss 

Build Orders: 1 Gate Expand, Oracle Opening, Phoenix Opening 

Get SALT Encoding   

  12  0:00  Probe  
  13  0:12  Probe  
  14  0:18  Pylon  
  14  0:25  Probe (Chrono Boost)  
  15  0:37  Probe (Chrono Boost)  
  15  0:38  Gateway  
  16  0:44  Probe (Chrono Boost)  
  16  0:48  Assimilator  
  17  0:51  Probe  
  18  1:03  Probe  
  19  1:22  Nexus  
  19  1:32  Cybernetics Core  
  19  1:34  Probe  
  19  1:39  Assimilator  
  20  1:46  Probe  
  21  1:50  Pylon  
  21  1:58  Probe (Chrono Boost)  
  22  2:08  Probe (Chrono Boost), Adept  
  23  2:13  Probe (Chrono Boost)  
  26  2:21  Stargate  
  26  2:24  Probe  
  26  2:28  Warp Gate  
  27  2:34  Probe (Chrono Boost)  
  29  2:37  Probe (Chrono Boost)  
  29  2:38  Adept  
  31  2:46  Probe (Chrono Boost)  
  31  2:48  Probe (Chrono Boost)  
  33  2:52  Probe (Chrono Boost)  
  33  2:53  Probe (Chrono Boost)  
  35  3:00  Probe  
  35  3:03  Probe  
  35  3:04  Oracle (Chrono Boost)  
  35  3:05  Adept  
  42  3:13  Probe  
  42  3:14  Pylon  
  43  3:21  Gateway  
  43  3:23  Probe  
  43  3:26  Shield Battery  
  44  3:28  Probe  
  44  3:33  Phoenix (Chrono Boost)  
  45  3:36  Probe  
  45  3:40  Probe  
  49  3:44  Pylon  
  49  3:49  Probe, Twilight Council  
  49  3:52  Probe  
  51  3:55  Gateway  
  51  4:01  Probe  
  52  4:07  Robotics Facility  
  53  4:16  Gateway x2  
  52  4:19  Charge (Chrono Boost)  
  52  4:23  Gateway  
  52  4:29  Pylon  
  52  4:32  Gateway  
  52  4:39  Zealot  
  54  4:51  Pylon  
  54  4:53  Warp Prism (Chrono Boost)  
  56  5:00  Zealot  
  56  5:04  Nexus  
  56  5:05  Pylon  
  58  5:07  Zealot  
  58  5:09  Zealot  
  62  5:15  Pylon  
  62  5:20  Pylon  
  62  5:22  Observer  
  62  5:23  Zealot x2  
  62  5:25  Zealot  
  69  5:33  Zealot x2  
  73  5:41  Zealot  
  74  5:50  Zealot x4  
  74  5:55  Zealot  
  65  5:57  Immortal (Chrono Boost)  
  65  5:58  Probe x2  
  65  6:05  Sentry, Zealot x4  
  65  6:10  Probe  
  68  6:13  Assimilator  
  68  6:14  Templar Archives  
  67  6:19  Zealot x2  
  70  6:27  Zealot x2  
  70  6:28  Zealot  
  76  6:33  Zealot x2  
Tags
 
Add a new tag
Caveats
  • Supply blocks, unpowered buildings, or Contaminate may cause inaccurate times.
  • Supply counts are checked every 10 seconds.